 Dungeon Crawl Stone Soup version 0.31.0-10-gcf4a605ca0 (webtiles) character file.

Game seed: 13523483918779278698

6 solopath the Shield-Bearer (level 1, 0/22 HPs)
             Began as a Troll Fighter on Jan 24, 2024.
             Was a Follower of Zin.
             Frozen to death by an endoplasm (2 damage)
             ... on level 1 of the Dungeon on Jan 26, 2024.
             The game lasted 00:01:01 (173 turns).

solopath the Shield-Bearer (Troll Fighter)           Turns: 173, Time: 00:01:01

Health: 0/22       AC:  4    Str: 23    XL:     1   Next: 75%
Magic:  0/0        EV:  8    Int:  4    God:    Zin [*.....]
Gold:   0          SH:  7    Dex:  9    Spells: 0/0 levels left

rFire   . .          .
                       - Unarmed
rCold   . . .        b - +0 kite shield
rNeg    . . .        a - +0 robe
rPois   .            (helmet restricted)
rElec   .            (no cloak)
rCorr   .            (gloves unavailable)
SInv    .            (boots unavailable)
Will    .....        (no amulet)
Stlth   +            (no ring)
HPRegen 1.03/turn    (no ring)
MPRegen 0.07/turn

%: no passive effects
@: no status effects
A: large, unfitting armour, claws 3, regeneration 1, shaggy fur 1, tough skin 1
a: Renounce Religion, Recite, Donate Gold


You were on level 1 of the Dungeon.
You worshipped Zin.
Zin was aware of your devotion.
You visited 1 branch of the dungeon, and saw 1 of its levels.

Inventory:

Armour
 a - a +0 robe (worn)
 b - a +0 kite shield (worn)
Scrolls
 e - a scroll of torment {unknown}
 f - a scroll of noise {unknown}
Potions
 c - a potion of might
 d - a potion of degeneration {unknown}


   Skills:
 - Level 2.4 Fighting
 - Level 2.4 Dodging
 + Level 2.8 Shields
 * Level 2.4 Unarmed Combat


You couldn't memorise any spells.
You didn't know any spells.
Your spell library was empty.

Dungeon Overview and Level Annotations

Branches:
Dungeon (1/15)

Altars:
Zin


Innate Abilities, Weirdness & Mutations

You are too large for most types of armour.
You have claws for hands.
Your natural rate of healing is unusually fast.
You are covered in fur. (AC +1)
You have tough skin. (AC +1)


Message History

You block the goblin's attack. The ball python closely misses you.
The endoplasm hits you. The kobold hits you but does no damage.
The goblin hits you with a +0 club.
The ball python bites you but does no damage.
The goblin hits you but does no damage. The endoplasm freezes you.
You are frozen.
You block the kobold's attack. The ball python bites you.
* * * LOW HITPOINT WARNING * * *
The endoplasm barely misses you. You block the kobold's attack.
You block the goblin's attack. The ball python bites you.
* * * LOW HITPOINT WARNING * * *
You block the ball python's attack. The endoplasm freezes you.
You are frozen.
* * * LOW HITPOINT WARNING * * *
The goblin completely misses you. The kobold closely misses you.
The ball python bites you.
* * * LOW HITPOINT WARNING * * *
The endoplasm closely misses you. You block the kobold's attack.
The goblin barely misses you.
The ball python bites you but does no damage.
The endoplasm barely misses you. The kobold hits you but does no damage.
You block the goblin's attack.
The ball python bites you but does no damage.
The goblin hits you with a +0 club.
* * * LOW HITPOINT WARNING * * *
The endoplasm barely misses you.
The kobold hits you with a +0 short sword.
* * * LOW HITPOINT WARNING * * *
The ball python bites you but does no damage.
The endoplasm freezes you.
You are frozen.
* * * LOW HITPOINT WARNING * * *
The kobold hits you but does no damage. You block the goblin's attack.
You block the ball python's attack.
Unknown command.
The ball python barely misses you. The endoplasm freezes you.
You are frozen.
You die...

..# .. . ......#.#.
##.....#...
.#.........#
...........K.
..........rg## ##.
#.#.....##JS##....
.#........#@g....#
............K......
...........####....
.........#.# ...
...#......# .
......##..##
..#.#....##
#....#..##
...##.....##


You could see an endoplasm, a quokka, a hobgoblin, a goblin, a ball python and 2
kobolds.

Vanquished Creatures
  A ball python (D:1)
  An endoplasm (D:1)
  A giant cockroach (D:1)
  A hobgoblin (D:1)
  A frilled lizard (D:1)
5 creatures vanquished.

Notes
Turn   | Place    | Note
-------+----------+-------------------------------------------
     0 | D:1      | solopath the Troll Fighter began the quest for the Orb.
     0 | D:1      | Reached XP level 1. HP: 22/22 MP: 0/0
     0 | D:1      | Upgraded the game from 0.31.0-9-g3a7656b989 to
                  | 0.31.0-10-gcf4a605ca0
    47 | D:1      | Found a faded altar of an unknown god.
    72 | D:1      | Prayed at the altar of an unknown god.
    72 | D:1      | Became a worshipper of Zin the Law-Giver
    72 | D:1      | Reached * piety under Zin
   172 | D:1      | HP: 1/22 [frozen (5)]
   173 | D:1      | Frozen to death by an endoplasm

Illustrated notes

Levels and vault maps discovered:
D:1:      lemuel_arrival_river_ford, layout_rooms,
          shapermc_ecumenical_altar_acropolis, minmay_misc_feat_columns,
          nicolae_wormholes

Action                     || total
---------------------------++-------
  Melee: Unarmed           ||    30
 Armour: Robe              ||    45
  Dodge: Dodged            ||    33
  Block: Kite shield       ||    28
